 Dungeon Crawl Stone Soup version 0.30-a0-722-g3e6e8c874d (webtiles) character file.

Game seed: 405569166360217675

403 Darius099 the Ruffian (level 6, -5/59 HPs)
             Began as a Troll Monk on Jan 28, 2023.
             Slain by a hornet (15 damage)
             ... on level 5 of the Dungeon.
             The game lasted 00:06:27 (2187 turns).

Darius099 the Ruffian (Troll Monk)                  Turns: 2187, Time: 00:06:28

Health: -5/59      AC:  2    Str: 20    XL:     6   Next: 55%
Magic:  5/5        EV: 10    Int:  6    God:
Gold:   174        SH:  0    Dex: 14    Spells: 5/5 levels left

rFire   + . .      SeeInvis .      - Unarmed
rCold   + . .      Faith    .    (no shield)
rNeg    + . .      Spirit   .    a - +0 robe
rPois   +          Reflect  .    i - -2 hat of the Alchemist {rElec rPois rF+ rC+ rN+ Will+ rMut rCorr}
rElec   +          Harm     .    (no cloak)
rCorr   +          Rampage  .    (gloves unavailable)
rMut    +                        (boots unavailable)
Will    +....                    (no amulet)
Stlth   ++                       (no ring)
HPRegen 1.09/turn                (no ring)
MPRegen 0.09/turn

@: hasted, very quick
A: large, unfitting armour, claws 3, regeneration 1, shaggy fur 1, tough skin 1
a: no special abilities


You were on level 5 of the Dungeon.
You visited 1 branch of the dungeon, and saw 5 of its levels.

You collected 174 gold pieces.

Inventory:

Armour
 a - a +0 robe (worn)
 i - the -2 hat of the Alchemist (worn) {rElec rPois rF+ rC+ rN+ Will+ rMut rCorr}
   (You acquired it on level 3 of the Dungeon)

   rF:        It protects you from fire.
   rC:        It protects you from cold.
   rElec:     It insulates you from electricity.
   rPois:     It protects you from poison.
   rN:        It protects you from negative energy.
   rCorr:     It protects you from acid and corrosion.
   rMut:      It protects you from mutation.
   Will:      It increases your willpower.
Jewellery
 h - an amulet of magic regeneration
Scrolls
 c - a scroll of noise {unknown}
 d - 2 scrolls of teleportation {unknown}
 e - a scroll of fear {unknown}
 f - 2 scrolls of acquirement
 j - a scroll of enchant armour {unknown}
 l - a scroll of amnesia {unknown}
Potions
 b - 3 potions of ambrosia
 k - 3 potions of brilliance
 o - a potion of degeneration


   Skills:
 - Level 2.4 Fighting
 - Level 2.4 Dodging
 - Level 1.0 Stealth
 + Level 7.5 Unarmed Combat


You had 5 spell levels left.
You didn't know any spells.
Your spell library contained the following spells:

 Spells                   Type           Power      Damage    Failure   Level
 Ensorcelled Hibernation  Hex/Ice        0%         N/A       58%         2
 Lesser Beckoning         Tloc           0%         N/A       58%         2
 Passwall                 Tmut/Erth      0%         N/A       58%         2
 Sublimation of Blood     Necr           0%         N/A       58%         2
 Gell's Gravitas          Tloc           0%         N/A       83%         3
 Swiftness                Air            0%         N/A       83%         3
 Teleport Other           Tloc           0%         N/A       83%         3
 Petrify                  Tmut/Erth      0%         N/A       99%         4
 Irradiate                Conj/Tmut      0%         3d11      100%        5
 Iskenderun's Battlesphe  Conj           0%         2d6       100%        5
 Iron Shot                Conj/Erth      0%         9d1       100%        6
 Spellforged Servitor     Conj/Summ      0%         N/A       100%        7


Dungeon Overview and Level Annotations

Branches:
Dungeon (5/15)
 Temple: D:4-7

Altars:
Okawaru
Wu Jian

Shops:
D:1 ?


Innate Abilities, Weirdness & Mutations

You are too large for most types of armour.
You have claws for hands.
Your natural rate of healing is unusually fast.
You are covered in fur. (AC +1)
You have tough skin. (AC +1)


Message History

You see here a +0 giant spiked club.
Found 10 gold pieces.
Found a quarterstaff.
You now have 174 gold pieces (gained 10).
An orc comes into view. It is wielding a +0 short sword.
The orc shouts!
The orc hits you with a +0 short sword.
You claw the orc!
You kill the orc!
Things that are here:
a +0 short sword; a boomerang; an orc corpse A hornet comes into view.
The hornet buzzes angrily.
The hornet stings you!
You suddenly lose the ability to move!
You can move again.
You closely miss the hornet. The hornet closely misses you.
You miss the hornet. The hornet barely misses you. The hornet stings you!
You feel yourself slow down.
You scratch the hornet.
The hornet is lightly wounded.
The hornet barely misses you.
You scratch the hornet.
The hornet is moderately wounded.
You feel yourself speed up.
The hornet stings you! x2; The hornet closely misses you.
You scratch the hornet. You claw the hornet!
The hornet is heavily wounded.
The hornet stings you!
* * * LOW HITPOINT WARNING * * *
You are poisoned.
You feel yourself slow down.
You feel better. The hornet misses you. The hornet stings you!
* * * LOW HITPOINT WARNING * * *
You feel yourself speed up. The hornet closely misses you.
The hornet stings you but does no damage.
You claw the hornet!
The hornet is severely wounded.
You feel yourself speed up. The hornet barely misses you.
The hornet stings you!
You die...

### #.###########.###
#.##............#
#.##.########.### ##
#.#...........# ..
..#..#.######## #####.#
#.#..#.# .....## #y#..#.#
......######@#..### .
#####....... #.#..#######
.....>.....##.#.#........#
..#.##..#.#<..............#
............##.#.#..#######
..#.##..#..................
..#.##..#....#.#.#<.######.#
#.#)##..#....#.........# .#
........#....#.#.#.#.#.# .#


You could see a hornet.

Vanquished Creatures
  An ogre (D:5)
  A necrophage (D:5)
  A howler monkey (D:4)
  2 orc priests
  An orc wizard (D:5)
  4 adders
  3 gnolls (D:4)
  2 worms
  2 dart slugs (D:4)
  6 orcs
  3 ball pythons
  5 endoplasms
  2 giant cockroaches
  9 goblins
  4 hobgoblins
  2 kobolds
  4 quokkas
  2 bats
  7 frilled lizards
  4 rats
65 creatures vanquished.

Vanquished Creatures (others)
  A fungus (D:2)
  A plant (D:2)
2 creatures vanquished.

Grand Total: 67 creatures vanquished

Notes
Turn   | Place    | Note
-------+----------+-------------------------------------------
     0 | D:1      | Darius099 the Troll Monk began the quest for the Orb.
     0 | D:1      | Reached XP level 1. HP: 22/22 MP: 0/0
    68 | D:1      | Found Gokaal's Magic Scroll Shop.
    73 | D:1      | Reached XP level 2. HP: 29/29 MP: 1/1
   127 | D:1      | You fall into a shaft and drop 1 floor!
   302 | D:2      | Found a faded altar of an unknown god.
   527 | D:2      | Reached skill level 4 in Unarmed Combat
   587 | D:2      | Reached XP level 3. HP: 21/36 MP: 2/2
   931 | D:3      | Identified 3 scrolls of acquirement
   931 | D:3      | Acquired the -2 hat of the Alchemist {rElec rPois rF+ rC+
                  | rN+ Will+ rMut rCorr}
   931 | D:3      | Found the -2 hat of the Alchemist {rElec rPois rF+ rC+ rN+
                  | Will+ rMut rCorr}
   986 | D:3      | Reached skill level 5 in Unarmed Combat
   986 | D:3      | Reached XP level 4. HP: 39/44 MP: 3/3
  1173 | D:3      | Found an ornate altar of the Wu Jian Council.
  1303 | D:3      | Found an iron altar of Okawaru.
  1526 | D:4      | Identified the +4 chain mail of Failure {rN+}
  1618 | D:4      | Reached XP level 5. HP: 17/50 MP: 4/4
  1714 | D:4      | Reached skill level 6 in Unarmed Combat
  2042 | D:5      | Entered Level 5 of the Dungeon
  2068 | D:5      | Identified the +7 trident of Ebioh {flame, rF- Str+2
                  | Stlth+}
  2078 | D:5      | Reached XP level 6. HP: 52/59 MP: 5/5
  2083 | D:5      | Reached skill level 7 in Unarmed Combat
  2174 | D:5      | Noticed a hornet
  2179 | D:5      | Paralysed by a hornet for 1 turns
  2187 | D:5      | Slain by a hornet

Illustrated notes

Levels and vault maps discovered:
D:1:      erik_arrival_blinker_ship, layout_loops_cross, serial_shops,
          nicolae_shop_statue_plus
D:2:      layout_loops_cross, shapermc_ecumenical_altar_mp_urbaneastern
D:3:      layout_rooms, pdpol_wu_jian_five_deadly_venoms, marbit_many_paths
D:4:      layout_loops_cross
D:5:      kennysheep_steamy, layout_basic, gammafunk_ghost_cemetery

Skill      XL: |  1  2  3  4  5  6 |
---------------+-------------------+-----
Unarmed Combat | 4 5 6 7 |  7.5
Fighting       | |  2.4
Dodging        | |  2.4
Stealth        | |  1.0

Action                     |  1- 3 |  4- 6 || total
---------------------------+-------+-------++-------
  Melee: Unarmed           |    73 |    89 ||   162
         Punch             |     1 |     4 ||     5
    Use: Scroll            |     1 |     4 ||     5
         Potion            |       |     2 ||     2
   Stab: Sleeping          |     4 |     4 ||     8
         Distracted        |       |     1 ||     1
 Armour: Robe              |    12 |     8 ||    20
  Dodge: Dodged            |    35 |    29 ||    64

Table legend: (Time is in decaauts)
 A = Elapsed time spent in this place.
 B = Non-inter-level travel time spent in this place.
 C = Inter-level travel time spent in this place.
 D = Time resting spent in this place.
 E = Time spent auto-exploring this place.
 F = Levels seen in this place.
 G = Mean time per level.
                   A        B        C        D        E       F      G
               +--------+--------+--------+--------+--------+-----+--------+
         Total |   2173 |   2068 |    105 |    131 |   1373 |   5 |  434.6 |
       Dungeon |   2173 |   2068 |    105 |    131 |   1373 |   5 |  434.6 |
               +--------+--------+--------+--------+--------+-----+--------+

Top non-repeatable levels by time:
     D:2: 658 daAuts
     D:4: 632 daAuts
     D:3: 612 daAuts
     D:5: 143 daAuts
     D:1: 125 daAuts
